 Dungeon Crawl Stone Soup version 0.31-a0-1-g4198be8af4 (webtiles) character file.

Game seed: 18261706052970508123

3199 scionoferis the Basher (level 9, -10/83 HPs)
             Began as a Ghoul Berserker on May 1, 2023.
             Was a Priest of Trog.
             Mangled by an orc warrior
             ... wielding a +0 dire flail
              (13 damage)
             ... on level 8 of the Dungeon.
             The game lasted 00:18:49 (6808 turns).

scionoferis the Basher (Ghoul Berserker)            Turns: 6808, Time: 00:18:50

Health: -10/83     AC: 12    Str: 20    XL:     9   Next: 96%
Magic:  8/8        EV: 12    Int:  5    God:    Trog [***...]
Gold:   478        SH:  0    Dex: 10    Spells: 8/8 levels left

rFire   + . .        a - +2 mace (protect)
rCold   + . .        (no shield)
rNeg    + + +        P - +0 steam dragon scales
rPois   ∞            (no helmet)
rElec   .            (no cloak)
rCorr   .            (no gloves)
SInv    .            (no boots)
Will    +....        p - amulet of regeneration
Stlth   +            A - ring of protection from fire
HPRegen 0.00/turn    F - ring of willpower
MPRegen 0.11/turn

%: no passive effects
@: under a protective aura, inhibited regen
A: claws 1, cold resistance 1, negative energy resistance 3, inhibited
regeneration, torment resistance 2, devour on kill
a: Renounce Religion, Trog's Hand


You were on level 8 of the Dungeon.
You worshipped Trog.
Trog was most pleased with you.
You visited 1 branch of the dungeon, and saw 8 of its levels.

You collected 478 gold pieces.


Innate Abilities, Weirdness & Mutations

You are immune to poison.
You have sharp fingernails.
Your flesh is cold resistant. (rC+)
You are immune to negative energy. (rN+++)
You do not regenerate when monsters are visible.
You are immune to unholy pain and torment.
You thrive by killing the living.


   Skills:
 + Level 9.2 Fighting
 * Level 10.6 Maces & Flails
 - Level 1.7 Armour
 - Level 1.7 Dodging


You had 8 spell levels left.
You didn't know any spells.
Your spell library was empty.

Inventory:

Hand Weapons
 a - a +2 mace of protection (weapon)
   (You took it off an orc on level 3 of the Dungeon)
 b - a +1 heavy flail
   (You took it off an orc on level 6 of the Dungeon)
 o - a +0 quarterstaff
   (You found it on level 2 of the Dungeon)
 r - a +0 mace
Missiles
 q - 4 boomerangs (quivered)
 H - 3 atropa-tipped darts
 J - 4 poisoned darts
 K - 2 datura-tipped darts
Armour
 E - the -1 cloak "Oguap" {Drain Int+6 SInv}
   (You found it on level 5 of the Dungeon)

   Int:       It affects your intelligence (+6).
   SInv:      It lets you see invisible.
   Drain:     It drains your maximum health when unequipped.
 L - a +0 plate armour
   (You took it off an orc warrior on level 6 of the Dungeon)
 P - +0 steam dragon scales (worn)
   (You found it on level 7 of the Dungeon)
Jewellery
 l - an amulet of guardian spirit
   (You found it on level 4 of the Dungeon)
 n - a ring of ice
   (You found it on level 2 of the Dungeon)
 p - an amulet of regeneration (around neck)
   (You found it on level 2 of the Dungeon)
 A - a ring of protection from fire (left claw)
   (You found it on level 4 of the Dungeon)
 D - a ring of fire
   (You found it on level 4 of the Dungeon)
 F - a ring of willpower (right claw)
   (You found it on level 5 of the Dungeon)
Scrolls
 d - a scroll of magic mapping
 g - 2 scrolls of noise {unknown}
 h - a scroll of vulnerability
 i - 2 scrolls of fear {unknown}
 j - 2 scrolls of amnesia {unknown}
 t - a scroll of immolation
 u - 3 scrolls of fog {unknown}
 v - 2 scrolls of enchant armour
 x - 2 scrolls of silence {unknown}
 z - a scroll of summoning
 N - a scroll of enchant weapon {unknown}
 Q - 2 scrolls of teleportation {unknown}
Potions
 c - 2 potions of brilliance {unknown}
 e - 2 potions of curing {unknown}
 f - 4 potions of mutation {unknown}
 k - 2 potions of might
 m - 2 potions of resistance {unknown}
 C - a potion of cancellation {unknown}
 G - a potion of flight {unknown}
 I - 2 potions of degeneration {unknown}
 M - 4 potions of heal wounds
 O - a potion of lignification {unknown}
 R - a potion of attraction {unknown}

Dungeon Overview and Level Annotations

Branches:
Dungeon (8/15)             Temple (0/1) D:4
   Lair: D:8-11

Altars:
Qazlal
Uskayaw

Shops:
D:4 (

Annotations:
D:6 spedboy43's ghost, novice DESu

#..# #.#
#..# #.#
#..# ##.#
#..# #.o#
#.. #o## #
#.# #. #.#
#..#######.#
#..o@o.()((#
#..#########
#. .. .. ##


You could see an orc and a neutral orc warrior (fast, strong, insane).


Message History

An ice beast comes into view.
There is a stone staircase leading down here.
Things that are here:
+0 steam dragon scales; a steam dragon corpse P - +0 steam dragon scales You hit the ice beast.
Your weapon exudes an aura of protection.
The ice beast is lightly wounded.
The ice beast hits you but does no damage.
You completely miss the ice beast.
The ice beast is lightly wounded.
The ice beast hits you but does no damage.
You hit the ice beast but do no damage.
The ice beast is lightly wounded.
The ice beast hits you. The ice beast freezes you. You resist.
You hit the ice beast.
The ice beast is moderately wounded.
You feel the effects of Trog's Hand fading.
The ice beast hits you but does no damage.
You hit the ice beast.
The ice beast is moderately wounded.
The ice beast hits you but does no damage.
You barely miss the ice beast.
The ice beast is moderately wounded.
The ice beast hits you. The ice beast freezes you. You resist.
You hit the ice beast.
The ice beast is moderately wounded.
You sock the ice beast!
The ice beast is severely wounded.
The ice beast barely misses you.
You hit the ice beast but do no damage.
The ice beast is severely wounded.
The ice beast hits you but does no damage.
You hit the ice beast.
The ice beast is almost dead.
Your skin stops crawling.
You feel less strong-willed.
The ice beast hits you but does no damage.
You closely miss the ice beast.
The ice beast is almost dead.
The ice beast hits you but does no damage.
You thump the ice beast!
You kill the ice beast!
Trog accepts your kill.
You see here the +6 battleaxe "Uzuocias" {holy, Will+ Str-5 Int+5 Dex+3}.
You start resting.
HP restored.
You now have 416 gold pieces (gained 6).
A centaur comes into view.
The centaur shouts!
The centaur wields a +0 shortbow.
The centaur shoots an arrow.
The arrow closely misses you.
Found 20 gold pieces.
The centaur shoots an arrow.
The arrow hits you.
The centaur shoots an arrow.
The arrow hits you but does no damage.
The centaur shoots an arrow.
The arrow barely misses you.
The centaur shoots an arrow.
The arrow completely misses you.
The centaur shoots an arrow.
The arrow hits you!
The centaur unwields a +0 shortbow.
The centaur barely misses you. x2
You sock the centaur!
Your weapon exudes an aura of protection.
The centaur is heavily wounded.
The centaur hits you.
The centaur kicks you but does no damage.
The centaur hits you but does no damage.
The centaur kicks you but does no damage.
You hit the centaur.
The centaur is almost dead.
The centaur barely misses you.
The centaur kicks you but does no damage.
You hit the centaur.
You kill the centaur!
Trog accepts your kill.
You see here a +0 shortbow.
You start resting.
HP restored.
You now have 436 gold pieces (gained 20).
You see here the +6 battleaxe "Uzuocias" {holy, Will+ Str-5 Int+5 Dex+3}.
You see here a steam dragon corpse.
A jelly comes into view.
The jelly quivers.
You hit the jelly.
Your weapon exudes an aura of protection.
Your claws burn!
The jelly is moderately wounded.
The jelly hits you but does no damage.
You hit the jelly.
Your claws burn!
The jelly is severely wounded.
The jelly hits you but does no damage.
You sock the jelly!
You kill the jelly!
Trog accepts your kill.
No target in view!
You open the door.
Found a white marble altar of Elyvilon.
There is an open door here.
There is a white marble altar of Elyvilon here.
As you open the door, it creaks loudly!
You open the door.
Found a scale mail.
There is an open door here.
Q - a scroll labelled AGGAWK CIAWK Dowan, Brother of Duvessa comes into view.
He is wielding a +5 dagger of freezing.
Found a stone staircase leading up.
Dowan shouts!
Duvessa, Sister of Dowan comes into view.
She is wielding a +0 rapier.
Dowan moves out of view.
Press: ? - help, . - travel You can't see that place. [the floor.] Dowan hits you with a +5 dagger of freezing.
Dowan freezes you.
You hit Dowan.
Your weapon exudes an aura of protection.
Dowan is lightly wounded.
Dowan hits you but does no damage.
You closely miss Dowan.
Dowan is lightly wounded.
Dowan hits you with a +5 dagger of freezing.
You hit Dowan but do no damage.
Dowan is lightly wounded.
Dowan hits you but does no damage.
You barely miss Dowan.
Dowan is lightly wounded.
You sock Dowan!
Dowan is heavily wounded.
Dowan closely misses you.
You hit Dowan but do no damage.
Dowan is heavily wounded.
Dowan hits you with a +5 dagger of freezing!
You hit Dowan.
Dowan is heavily wounded.
Dowan hits you with a +5 dagger of freezing!
You sock Dowan!
Dowan is almost dead.
Dowan closely misses you.
You barely miss Dowan.
Dowan is almost dead.
Dowan points at you and mumbles some strange words.
The puff of flame hits you but does no damage.
You closely miss Dowan.
Dowan is almost dead.
Dowan hits you with a +5 dagger of freezing.
You hit Dowan.
Dowan is almost dead.
Dowan hits you but does no damage.
You miss Dowan.
Dowan is almost dead.
Dowan barely misses you.
You barely miss Dowan.
Dowan is almost dead.
Dowan casts a spell at you. The puff of flame hits you. You resist.
You hit Dowan.
You kill Dowan!
Trog accepts your kill.
Trog appreciates your killing of a magic user.
You hear a distant scream of rage.
There is an open door here.
There is an open door here.
As you close the door, it creaks loudly!
You start resting.
HP restored.
You open the door.
There is an open door here.
There is an open door here.
f - 4 fizzy grey potions (gained 1)
Things that are here:
a +5 dagger of freezing; a +0 robe Duvessa is nearby!
Duvessa shouts!
Duvessa goes berserk!
Unknown command.
Throw: 3 darts (poison)
Press: ? - help, Q - select action, (/) - cycle Shift-Dir - straight line, f - Duvessa
Aim: Duvessa, wielding a +0 rapier and wearing a +0 leather armour (berserk, 64% to hit)
You throw a poisoned dart. The poisoned dart hits Duvessa.
Duvessa rages.
Throw: 2 darts (poison)
Press: ? - help, Q - select action, (/) - cycle Shift-Dir - straight line, f/p - Duvessa
Aim: Duvessa, wielding a +0 rapier and wearing a +0 leather armour (berserk, 64% to hit)
You throw a poisoned dart. The poisoned dart hits Duvessa.
Duvessa is poisoned.
Unknown command.
Throw: dart (poison)
Press: ? - help, Q - select action, (/) - cycle Shift-Dir - straight line, f/p - Duvessa
Aim: Duvessa, wielding a +0 rapier and wearing a +0 leather armour (lightly wounded, berserk, poisoned, 64% to hit)
You throw a poisoned dart.
The poisoned dart closely misses Duvessa.
Duvessa hits you with a +0 rapier!
You hit Duvessa but do no damage.
Your weapon exudes an aura of protection.
Duvessa hits you with a +0 rapier!
You completely miss Duvessa.
Duvessa is lightly wounded.
Duvessa barely misses you. Duvessa hits you with a +0 rapier.
You sock Duvessa!
Duvessa is moderately wounded.
Duvessa hits you but does no damage.
You hit Duvessa.
Duvessa is heavily wounded.
Duvessa hits you with a +0 rapier!
You hit Duvessa.
Duvessa is heavily wounded.
Duvessa looks more healthy.
Duvessa hits you but does no damage. Duvessa hits you with a +0 rapier.
You barely miss Duvessa.
Duvessa is heavily wounded.
Duvessa barely misses you.
You sock Duvessa!
Duvessa is severely wounded.
Duvessa barely misses you.
You closely miss Duvessa.
Duvessa is severely wounded.
Duvessa hits you but does no damage. Duvessa barely misses you.
You sock Duvessa!
Duvessa is almost dead.
Duvessa barely misses you.
You hit Duvessa but do no damage.
Duvessa is almost dead.
Duvessa hits you but does no damage. Duvessa hits you with a +0 rapier!
You completely miss Duvessa.
Duvessa is almost dead.
Duvessa hits you with a +0 rapier.
You barely miss Duvessa.
Duvessa is almost dead.
Duvessa completely misses you. Duvessa barely misses you.
You hit Duvessa.
Duvessa is almost dead.
Duvessa hits you with a +0 rapier!
* * * LOW HITPOINT WARNING * * *
You barely miss Duvessa.
Duvessa is almost dead.
Duvessa hits you with a +0 rapier.
* * * LOW HITPOINT WARNING * * *
You thump Duvessa!
You kill Duvessa!
Trog accepts your kill.
There is a stone staircase leading up here.
You climb upwards.
Level annotation: 1 runed translucent door, spedboy43's ghost, novice DESu
There is a stone staircase leading down here.
You start resting.
HP restored.
There is an open translucent door, spattered with blood here.
You see here a bullfrog skeleton.
You enter the shallow water.
Moving in this stuff is going to be slow.
e - 2 yellow potions (gained 1)
There is a collapsed entrance here.
You enter the shallow water.
Moving in this stuff is going to be slow.
You open the door.
There is an open translucent door here.
You enter the shallow water.
Moving in this stuff is going to be slow.
There is a collapsed entrance here.
You enter the shallow water.
Moving in this stuff is going to be slow.
There is an open translucent door, spattered with blood here.
You see here a bullfrog skeleton.
There is a stone staircase leading down here.
Search for what [Enter for "d:", or ? for help]? mac Unknown command.
You climb downwards.
There is a stone staircase leading up here.
c - 2 orange potions (gained 1)
Things that are here:
a +0 leather armour; a +0 rapier; the elf corpse of Duvessa
J - a poisoned dart
J - 2 poisoned darts (gained 1)
v - 2 scrolls of enchant armour (gained 1)
Found a halberd.
J - 3 poisoned darts (gained 1)
R - a green potion An iguana comes into view.
A hound comes into view.
You hit the iguana.
Your weapon exudes an aura of protection.
The iguana is lightly wounded.
The iguana barely misses you.
You thump the iguana!
The iguana is severely wounded.
The iguana bites you but does no damage.
You barely miss the iguana.
The iguana is severely wounded.
The iguana barely misses you.
You sock the iguana!
You kill the iguana!
Trog accepts your kill.
You hit the hound but do no damage.
The hound stops to sniff the ground.
The hound bites you but does no damage. The hound completely misses you.
You hit the hound but do no damage. You claw the hound, but do no damage.
The hound bites you but does no damage.
You barely miss the hound. The hound bites you.
You completely miss the hound.
The hound bites you but does no damage. x2
You barely miss the hound. The hound bites you.
You barely miss the hound. The hound bites you.
You barely miss the hound. You claw the hound.
The hound is lightly wounded.
The hound barely misses you. The hound bites you but does no damage.
You sock the hound!
Your weapon exudes an aura of protection.
The hound is severely wounded.
The hound bites you.
You hit the hound.
The hound is severely wounded.
The hound barely misses you. The hound bites you but does no damage.
You miss the hound.
The hound is severely wounded.
The hound bites you but does no damage.
You barely miss the hound.
The hound is severely wounded.
The hound bites you but does no damage.
You sock the hound!
You kill the hound!
Trog accepts your kill.
You feel better.
You see here a potion of heal wounds.
M - 4 potions of heal wounds (gained 1)
The killer bee stings you.
The killer bee stings you but does no damage.
The killer bee stings you but does no damage.
You closely miss the killer bee. The killer bee stings you.
You closely miss the killer bee. The killer bee closely misses you.
The killer bee barely misses you.
You sock the killer bee!
Your weapon exudes an aura of protection.
The killer bee is almost dead.
The killer bee stings you but does no damage.
The killer bee barely misses you.
You miss the killer bee.
The killer bee is almost dead.
The killer bee barely misses you.
The killer bee stings you but does no damage.
You hit the killer bee.
You kill the killer bee!
Trog accepts your kill.
You start resting.
HP restored.
You see here a killer bee corpse.
Throw: 3 darts (poison)
Press: ? - help, Q - select action, (/) - cycle Shift-Dir - straight line, f - killer bee
Aim: a killer bee (wandering, hasn't noticed you, 31% to hit)
You throw a poisoned dart.
The poisoned dart closely misses the killer bee.
The killer bee buzzes angrily.
The killer bee buzzes angrily.
You hear an angry buzzing noise.
You see here a killer bee corpse.
You sock the killer bee!
Your weapon exudes an aura of protection.
The killer bee is heavily wounded.
The killer bee stings you but does no damage. x2
You sock the killer bee!
You kill the killer bee!
Trog accepts your kill. The killer bee barely misses you. x2
The killer bee stings you but does no damage.
You see here a killer bee corpse.
The killer bee stings you but does no damage.
You hit the killer bee.
The killer bee is moderately wounded.
The killer bee barely misses you. The killer bee completely misses you.
You barely miss the killer bee.
The killer bee is moderately wounded.
The killer bee completely misses you. x2
You closely miss the killer bee.
The killer bee is moderately wounded.
The killer bee stings you.
The killer bee stings you but does no damage.
You barely miss the killer bee.
The killer bee is moderately wounded.
The killer bee stings you but does no damage.
The killer bee stings you.
You sock the killer bee!
The killer bee is almost dead.
The killer bee stings you but does no damage.
You hit the killer bee.
You kill the killer bee!
Trog accepts your kill.
The killer bee stings you but does no damage.
You barely miss the killer bee.
The killer bee stings you but does no damage. x2
You hit the killer bee. Your claw misses the killer bee.
The killer bee is lightly wounded.
The killer bee stings you.
The killer bee stings you but does no damage.
You miss the killer bee.
The killer bee stings you but does no damage. x2
You completely miss the killer bee.
The killer bee stings you but does no damage.
You sock the killer bee! Your claw misses the killer bee.
The killer bee is severely wounded.
The killer bee stings you but does no damage.
The killer bee stings you!
You sock the killer bee!
You kill the killer bee!
Trog accepts your kill.
Your Maces & Flails skill increases to level 10!
Things that are here:
a killer bee corpse; a killer bee corpse
J - 3 poisoned darts (gained 1)
You now have 451 gold pieces (gained 15).
A bullfrog comes into view.
The bullfrog croaks.
The orc wizard shouts!
You hear a shout! x2
Your skin crawls.
You feel strong-willed. The bullfrog hits you.
You closely miss the bullfrog. The bullfrog hits you.
You sock the bullfrog!
Your weapon exudes an aura of protection.
The bullfrog is heavily wounded.
You feel the effects of Trog's Hand fading.
The bullfrog hits you but does no damage. x2
You hit the bullfrog.
The bullfrog is almost dead.
The bullfrog hits you but does no damage.
You sock the bullfrog!
You kill the bullfrog!
Trog accepts your kill.
The orc wizard gestures at you while chanting.
The magic dart hits you but does no damage.
An orc comes into view. It is wielding a +0 short sword.
The orc wizard shouts!
The orc wizard hits you but does no damage.
The orc wizard casts a spell.
The orc wizard flickers and vanishes!
Deactivating autopickup; reactivate with Ctrl-A.
You see here a bullfrog corpse.
You hit the orc wizard.
The orc wizard is moderately wounded.
The orc wizard hits you but does no damage.
You hit the orc wizard but do no damage.
The orc wizard is moderately wounded.
Your skin stops crawling.
You feel less strong-willed.
The orc wizard points at you and mumbles some strange words.
The magic dart hits you.
You hit the orc wizard.
The orc wizard is heavily wounded.
The orc wizard hits you but does no damage.
You miss the orc wizard.
The orc wizard is heavily wounded.
The orc wizard hits you with a +0 dagger.
Press: ? - help, v - describe, . - travel
Here: an orc wizard, wielding a +0 dagger and wearing a +0 robe (heavily wounded)
The floor.
Your skin crawls.
You feel strong-willed.
The orc wizard hits you but does no damage.
You sock the orc wizard!
You kill the orc wizard!
Trog accepts your kill.
Trog appreciates your killing of a magic user.
You barely miss the orc. You miss something. Your claw misses something.
You sock something! Something hits you but does no damage.
You barely miss something. You hit something. Trog accepts your kill.
Trog appreciates your killing of a magic user.
Reactivating autopickup.
You feel a bit more experienced.
You hit the orc.
The orc is severely wounded.
The orc hits you but does no damage.
You hit the orc.
You kill the orc!
Trog accepts your kill.
You feel the effects of Trog's Hand fading.
You sock the orc!
You kill the orc!
Trog accepts your kill.
You now have 462 gold pieces (gained 11).
Items here: )))) [[ †.
Okay, then.
Your skin stops crawling.
You feel less strong-willed.
A hound comes into view.
The hound bites you but does no damage.
You hit the hound.
Your weapon exudes an aura of protection.
The hound is lightly wounded.
The hound bites you but does no damage. The hound bites you.
You hit the hound.
The hound is moderately wounded.
The hound bites you but does no damage.
You thump the hound!
You kill the hound!
Trog accepts your kill.
You feel better.
No target in view!
You see here a hound corpse.
Items here: )))) [[ †.
You see here a bullfrog corpse.
k - 2 potions of might (gained 1) Done exploring.
Done exploring.
Unknown command.
As you read the scroll of identify, it crumbles to dust.
z - a scroll of summoning Unknown command.
You start removing your armour.
You continue taking off your +0 plate armour. x4
You finish taking off your +0 plate armour.
You start putting on your armour.
You continue putting on your +0 steam dragon scales. x5
You finish putting on your +0 steam dragon scales.
Unknown command.
You drop a +0 chain mail.
You drop a +0 plate armour.
L - a +0 plate armour
There is a stone staircase leading down here.
Unknown command.
You climb downwards.
You hear the roar of battle.
There is an entrance to a bailey on this level.
Hurry and find it before the portal closes forever!
There is a stone staircase leading up here.
Found a stone staircase leading up.
Found a fizzy dark potion.
Found a leather armour.
An orc wizard and 3 orcs come into view.
An orc is wielding a +0 mace and wearing a +4 scale mail of willpower.
The orc shouts! x2
An orc warrior comes into view. It is wielding a +0 dire flail.
Your skin crawls.
You feel strong-willed.
The orc warrior shouts!
The orc zaps a wand.
Some rock shatters into small pieces.
A sky beast comes into view.
The sky beast moves out of view.
You thump the orc wizard!
Your weapon exudes an aura of protection.
The orc wizard is almost dead.
You hit the orc wizard.
The orc wizard is almost dead.
The orc wizard hits you but does no damage.
You hit the orc wizard but do no damage.
The orc wizard is almost dead.
You feel the effects of Trog's Hand fading.
The orc wizard casts a spell.
The orc wizard flickers and vanishes!
Deactivating autopickup; reactivate with Ctrl-A.
You miss something. Something hits you. The orc hits you but does no damage.
You hit something. Trog accepts your kill.
Trog appreciates your killing of a magic user.
Reactivating autopickup.
You feel a bit more experienced. The orc misses you.
You hit the sky beast.
The sky beast is lightly wounded.
The sky beast closely misses you. The orc hits you but does no damage.
You barely miss the sky beast.
The sky beast is lightly wounded.
The sky beast hits you. The sky beast shocks you. The orc barely misses you.
You closely miss the sky beast.
The sky beast is lightly wounded.
Your skin stops crawling.
You feel less strong-willed. The sky beast completely misses you.
The orc hits you but does no damage. The sky beast attacks as you move away!
The sky beast hits you but does no damage.
The orc attacks as you move away! The orc closely misses you. x2
The orc attacks as you move away! The orc hits you but does no damage.
The sky beast attacks as you move away! The sky beast barely misses you.
The orc attacks as you move away! The orc misses you.
The orc zaps a wand.
Some rock shatters into small pieces.
The sky beast attacks as you move away! The sky beast hits you.
The sky beast shocks you.
Found 16 gold pieces.
There is a stone staircase leading up here.
The sky beast hits you but does no damage.
You climb upwards.
There is a stone staircase leading down here.
You hit the sky beast.
Your weapon exudes an aura of protection.
The sky beast is moderately wounded.
The sky beast hits you but does no damage.
You hit the sky beast.
The sky beast is moderately wounded.
The sky beast closely misses you.
You hit the sky beast.
The sky beast is heavily wounded.
You hit the sky beast. Your claw misses the sky beast.
The sky beast is heavily wounded.
The sky beast hits you. The sky beast shocks you.
You hit the sky beast but do no damage.
The sky beast is heavily wounded.
The sky beast hits you but does no damage.
You miss the sky beast.
The sky beast is heavily wounded.
The sky beast barely misses you.
You hit the sky beast but do no damage.
The sky beast is heavily wounded.
The sky beast misses you.
You closely miss the sky beast.
The sky beast is heavily wounded.
The sky beast closely misses you.
You hit the sky beast.
The sky beast is severely wounded.
The sky beast hits you. The sky beast shocks you.
You closely miss the sky beast.
The sky beast is severely wounded.
The sky beast hits you but does no damage.
You hit the sky beast. Your claw misses the sky beast.
The sky beast is severely wounded.
The sky beast flickers out of sight!
Deactivating autopickup; reactivate with Ctrl-A.
Something hits you but does no damage.
You hit something. Something barely misses you.
You hit something. Trog accepts your kill.
You feel better.
Reactivating autopickup.
You feel a bit more experienced.
You see here a sky beast corpse.
Your skin crawls.
You feel strong-willed.
There is a stone staircase leading down here.
You climb downwards.
You hear the roar of battle.
There is an entrance to a bailey on this level.
Hurry and find it before the portal closes forever!
You hear the faint creaking of a distant portcullis.
Found a falchion.
There is a stone staircase leading up here.
A water moccasin comes into view.
The water moccasin hisses angrily.
The water moccasin moves out of view.
You hear a zap.
You hear a grinding noise.
You miss the water moccasin. The water moccasin bites you.
You thump the water moccasin!
Your weapon exudes an aura of protection.
The water moccasin is moderately wounded.
The water moccasin bites you but does no damage.
You completely miss the water moccasin.
The water moccasin is moderately wounded.
The water moccasin bites you.
The water moccasin bites you but does no damage.
You miss the water moccasin.
The water moccasin is moderately wounded.
You feel the effects of Trog's Hand fading.
The water moccasin barely misses you.
You sock the water moccasin!
The water moccasin is heavily wounded.
The water moccasin barely misses you.
You miss the water moccasin.
The water moccasin is heavily wounded.
The water moccasin bites you.
You closely miss the water moccasin.
The water moccasin is heavily wounded.
The water moccasin bites you!
The water moccasin bites you but does no damage.
You closely miss the water moccasin.
The water moccasin is heavily wounded.
The water moccasin bites you but does no damage.
You closely miss the water moccasin.
The water moccasin is heavily wounded.
The water moccasin closely misses you.
You miss the water moccasin.
The water moccasin is heavily wounded.
Your skin stops crawling.
You feel less strong-willed. The water moccasin closely misses you.
You hit the water moccasin.
Your weapon exudes an aura of protection.
The water moccasin is severely wounded.
The water moccasin barely misses you.
The water moccasin bites you but does no damage.
You sock the water moccasin!
The water moccasin is almost dead.
The water moccasin bites you.
You closely miss the water moccasin.
The water moccasin is almost dead.
The water moccasin bites you but does no damage.
You miss the water moccasin.
The water moccasin is almost dead.
The water moccasin barely misses you. x2
You thump the water moccasin!
You kill the water moccasin!
Trog accepts your kill.
You feel better.
Your Fighting skill increases to level 9!
Adjust to which letter? (? for menu, Esc to quit)
s - a +1 heavy flail;
b - a boomerang of dispersal Unknown command.
Unknown command.
Adjust to which letter? (? for menu, Esc to quit)
s - a boomerang of dispersal;
b - a +1 heavy flail Unknown command.
Setting a skill training target for Maces & Flails at 14.0.
Unknown command.
Found a plate armour.
You see here a +0 plate armour.
Found a stone staircase leading down.
Found 16 gold pieces.
Found a stone staircase leading down.
You hear the faint creaking of a very distant portcullis.
Found a ring mail.
You see here a +0 ring mail.
Found a scroll labelled AGGAWK CIAWK and a falchion.
An orc comes into view. It is wielding a +0 dagger.
The orc shouts!
You hit the orc.
Your weapon exudes an aura of protection.
The orc is severely wounded.
The orc hits you but does no damage.
You thump the orc!
You kill the orc!
Trog accepts your kill.
Things that are here:
a +0 dagger; an orc corpse
Q - 2 scrolls labelled AGGAWK CIAWK (gained 1)
You see here a +0 falchion.
An orc warrior comes into view. It is wielding a +0 battleaxe.
Throw: 3 darts (poison)
Press: ? - help, Q - select action, (/) - cycle Shift-Dir - straight line, f - orc warrior
Aim: an orc warrior, wielding a +0 battleaxe and wearing a +0 plate armour (60% to hit)
You throw a poisoned dart.
The poisoned dart barely misses the orc warrior.
The orc warrior unwields a +0 battleaxe.
The orc warrior wields a +0 arbalest.
The orc warrior shoots a bolt.
The bolt hits you!
An orc comes into view. It is wielding a +0 hand axe.
Throw: 2 throwing nets
Press: ? - help, Q - select action, (/) - cycle Shift-Dir - straight line, f/p - orc warrior
Aim: an orc warrior, wielding a +0 arbalest and wearing a +0 plate armour (60% to hit)
You throw a throwing net. The throwing net hits the orc warrior.
The orc warrior is caught in the net!
The orc warrior struggles against the net.
The orc warrior struggles against the net.
You strike the helpless orc warrior from behind!
You hit the orc warrior but do no damage.
Your weapon exudes an aura of protection.
The orc warrior struggles against the net.
You hit the orc warrior.
The orc warrior is lightly wounded.
The orc warrior struggles against the net.
You hit the orc warrior but do no damage.
The orc warrior is lightly wounded.
The orc warrior struggles against the net.
The net rips apart, and the orc warrior comes free!
You hit the orc warrior.
The orc warrior is moderately wounded.
An orc comes into view. It is wielding a +0 hand axe.
The orc warrior unwields a +0 arbalest.
The orc warrior wields a +0 battleaxe.
The orc warrior hits you but does no damage.
The orc shouts!
You hit the orc warrior.
The orc warrior is heavily wounded.
You hear a shout!
The orc warrior hits you with a +0 battleaxe!
Throw: throwing net
Press: ? - help, Q - select action, (/) - cycle Shift-Dir - straight line, f/p - orc warrior
Aim: an orc warrior, wielding a +0 battleaxe and wearing a +0 plate armour (heavily wounded, 60% to hit)
You throw a throwing net. The throwing net hits the orc warrior.
The orc warrior is caught in the net!
The orc warrior is heavily wounded.
The orc warrior struggles against the net.
You hit the orc warrior.
The orc warrior is heavily wounded.
The orc warrior struggles against the net.
You hit the orc warrior but do no damage.
The orc warrior is heavily wounded.
You hit the orc warrior.
The orc warrior is severely wounded.
You hear the faint creaking of a portcullis nearby.
The orc warrior struggles against the net.
You hit the orc warrior but do no damage.
The orc warrior is severely wounded.
The orc warrior struggles against the net.
The net rips apart, and the orc warrior comes free!
You hit the orc warrior but do no damage.
The orc warrior is severely wounded.
The orc warrior barely misses you.
You hit the orc warrior.
The orc warrior is almost dead.
The orc warrior barely misses you.
You hit the orc warrior.
The orc warrior is almost dead.
The orc warrior hits you with a +0 battleaxe!
You hit the orc warrior.
The orc warrior is almost dead.
The orc warrior barely misses you.
You hit the orc warrior but do no damage.
The orc warrior is almost dead.
A centaur comes into view.
The orc warrior hits you with a +0 battleaxe!
You hit the orc warrior but do no damage.
The orc warrior is almost dead.
The orc warrior closely misses you.
You hit the orc warrior but do no damage.
The orc warrior is almost dead.
You closely miss the orc warrior.
The orc warrior is almost dead.
The orc warrior hits you with a +0 battleaxe.
You hit the orc warrior but do no damage.
The orc warrior is almost dead.
The orc warrior misses you.
You hit the orc warrior. You claw the orc warrior.
You kill the orc warrior!
Trog accepts your kill.
You hit the centaur.
The centaur is lightly wounded.
The centaur hits you but does no damage.
The centaur kicks you but does no damage.
You barely miss the centaur.
The centaur is lightly wounded.
The centaur completely misses you.
The centaur kicks you but does no damage.
The centaur closely misses you.
The centaur kicks you but does no damage.
You hit the centaur.
The centaur is lightly wounded.
The centaur misses you.
The centaur kicks you but does no damage.
You closely miss the centaur.
The centaur is lightly wounded.
The centaur hits you.
The centaur kicks you but does no damage.
You hit the centaur.
The centaur is moderately wounded.
The centaur hits you but does no damage.
The centaur barely misses you.
The centaur hits you but does no damage.
The centaur barely misses you.
Your skin crawls.
You feel strong-willed. The centaur closely misses you.
The centaur kicks you but does no damage.
You sock the centaur!
The centaur is severely wounded.
The centaur barely misses you.
The centaur kicks you but does no damage.
You barely miss the centaur.
The centaur is severely wounded.
The centaur hits you but does no damage.
The centaur closely misses you. The centaur barely misses you.
The centaur closely misses you.
You hit the centaur.
You kill the centaur!
Trog accepts your kill.
The orc throws a boomerang.
The boomerang closely misses you.
You hit the orc.
The orc is lightly wounded.
The orc hits you but does no damage.
You sock the orc!
You kill the orc!
Trog accepts your kill.
You thump the orc!
You kill the orc!
Trog accepts your kill.
q - 4 boomerangs (gained 3)
Items here: ))))) [ †.
Okay, then.
A kobold brigand and 2 kobolds come into view.
The kobold brigand is wielding a +0 dagger and quivering poisoned darts.
A kobold is wielding a +2 vampiric short sword.
The kobold brigand shouts!
The kobold shouts!
The kobold hits you but does no damage.
You hit the kobold.
Your weapon exudes an aura of protection.
The kobold is heavily wounded.
The kobold hits you but does no damage.
You sock the kobold!
You kill the kobold!
Trog accepts your kill.
You feel better.
The kobold brigand throws a poisoned dart.
The poisoned dart hits you!
The kobold brigand hits you but does no damage.
Things that are here:
a +0 whip; 2 stones You barely miss the kobold brigand.
You feel the effects of Trog's Hand fading.
The kobold brigand hits you with a +0 dagger.
You barely miss the kobold brigand.
The kobold brigand hits you with a +0 dagger.
You sock the kobold brigand! You claw the kobold brigand.
The kobold brigand is heavily wounded.
The kobold brigand hits you but does no damage.
You hit the kobold brigand.
The kobold brigand is severely wounded.
You thump the kobold brigand!
The kobold brigand is almost dead.
The kobold brigand barely misses you.
You sock the kobold brigand!
You kill the kobold brigand!
Trog accepts your kill.
You hit the kobold.
The kobold is severely wounded.
Your skin stops crawling.
You feel less strong-willed. The kobold hits you but does no damage.
You closely miss the kobold.
The kobold is severely wounded.
The kobold barely misses you.
You closely miss the kobold.
The kobold is severely wounded.
The kobold hits you with a +2 vampiric short sword.
You closely miss the kobold.
The kobold is severely wounded.
The kobold hits you but does no damage.
You barely miss the kobold.
The kobold is severely wounded.
The kobold hits you with a +2 vampiric short sword.
You hit the kobold.
You kill the kobold!
Trog accepts your kill.
You feel better.
Okay, then.
J - 4 poisoned darts (gained 2)
Things that are here:
a +2 vampiric short sword; a +0 dagger; a kobold corpse You hear the creaking of a very distant portcullis.
You now have 478 gold pieces (gained 16).
You hear the creaking of a very distant portcullis.
Found a gluggy clear potion.
The orc shouts!
You hear a shout!
The orc warrior shouts!
You hear a zap.
You hear a grinding noise.
You hear the steady creaking of a very distant portcullis.
Unknown command.
Throw: 5 darts (datura)
Press: ? - help, Q - select action, (/) - cycle Shift-Dir - straight line, f - orc
Aim: an orc, wielding a +0 mace and wearing a +4 scale mail of willpower (64% to hit, chance to frenzy on hit: 100%)
You throw a datura-tipped dart.
The datura-tipped dart hits the orc warrior.
The orc warrior resists.
Throw: 4 darts (datura)
Press: ? - help, Q - select action, (/) - cycle Shift-Dir - straight line, f/p - orc
Aim: an orc, wielding a +0 mace and wearing a +4 scale mail of willpower (64% to hit, chance to frenzy on hit: 100%)
You throw a datura-tipped dart.
The datura-tipped dart barely misses the orc warrior.
The datura-tipped dart barely misses the orc.
Throw: 3 darts (datura)
Press: ? - help, Q - select action, (/) - cycle Shift-Dir - straight line, f/p - orc
Aim: an orc, wielding a +0 mace and wearing a +4 scale mail of willpower (64% to hit, chance to frenzy on hit: 100%)
You throw a datura-tipped dart.
The datura-tipped dart hits the orc warrior.
The orc warrior flies into a frenzy!
The orc warrior hits the orc with a +0 dire flail!
The orc dies!
Trog accepts your kill.
The orc warrior shouts!
You aren't carrying any items that you can evoke.
Unknown command.
Throw: boomerang (disperse)
Press: ? - help, Q - select action, (/) - cycle Shift-Dir - straight line, f - orc warrior
Aim: an orc warrior, wielding a +0 dire flail and wearing a +0 chain mail (fast, strong, frenzied and insane, 57% to hit)
You throw a boomerang of dispersal.
The boomerang of dispersal barely misses the orc warrior.
The orc warrior hits you with a +0 dire flail!
You hit the orc warrior.
Your weapon exudes an aura of protection.
The orc warrior is lightly wounded.
The orc warrior barely misses you.
The orc warrior hits you but does no damage.
You sock the orc warrior!
The orc warrior is moderately wounded.
The orc warrior hits you but does no damage.
Throw: 4 boomerangs
Press: ? - help, Q - select action, (/) - cycle Shift-Dir - straight line, f/p - orc warrior
Aim: an orc warrior, wielding a +0 dire flail and wearing a +0 chain mail (moderately wounded, fast, strong, frenzied and insane, 57% to hit)
You throw a boomerang.
The boomerang hits the orc warrior but does no damage.
The orc warrior is moderately wounded.
The orc warrior hits you with a +0 dire flail!
The orc warrior barely misses you.
Throw: 4 boomerangs
Press: ? - help, Q - select action, (/) - cycle Shift-Dir - straight line, f/p - orc warrior
Aim: an orc warrior, wielding a +0 dire flail and wearing a +0 chain mail (moderately wounded, fast, strong, frenzied and insane, 57% to hit)
You throw a boomerang.
The boomerang hits the orc warrior but does no damage.
The orc warrior is moderately wounded.
The orc warrior barely misses you. The orc warrior closely misses you.
Throw: 4 boomerangs
Press: ? - help, Q - select action, (/) - cycle Shift-Dir - straight line, f/p - orc warrior
Aim: an orc warrior, wielding a +0 dire flail and wearing a +0 chain mail (moderately wounded, fast, strong, frenzied and insane, 57% to hit)
You throw a boomerang. The boomerang hits the orc warrior.
The orc warrior is moderately wounded.
The orc warrior closely misses you.
The orc warrior hits you with a +0 dire flail!!
You sock the orc warrior!
The orc warrior is severely wounded.
The orc warrior barely misses you.
The orc shouts!
You hit the orc warrior but do no damage.
The orc warrior is severely wounded.
The orc warrior hits you with a +0 dire flail.
You closely miss the orc warrior.
The orc warrior is severely wounded.
The orc warrior hits you with a +0 dire flail!
The orc warrior closely misses you.
You thump the orc warrior!
The orc warrior is almost dead.
The orc warrior hits you with a +0 dire flail!!
* * * LOW HITPOINT WARNING * * *
The orc hits you with a +0 club.
* * * LOW HITPOINT WARNING * * *
Unknown command.
You hit the orc warrior.
The orc warrior is almost dead.
The orc warrior barely misses you. The orc hits you but does no damage.
Unknown command.
You closely miss the orc warrior.
The orc warrior is almost dead.
The orc warrior hits you with a +0 dire flail!
You die...

Skill      XL: |  1  2  3  4  5  6  7  8  9 |
---------------+----------------------------+-----
Maces & Flails | 3 4 5 6 7 8 10 | 10.6
Fighting       | 4 5 6 7 9 |  9.2
Armour         | |  1.7
Dodging        | |  1.7

Action                     |  1- 3 |  4- 6 |  7- 9 || total
---------------------------+-------+-------+-------++-------
  Melee: Mace              |   102 |   159 |   402 ||   663
         Quarterstaff      |    25 |       |       ||    25
         Punch             |       |     4 |     6 ||    10
  Throw: Dart              |       |       |     8 ||     8
         Boomerang         |       |       |     4 ||     4
         Throwing net      |       |       |     2 ||     2
 Invoke: Trog's Hand       |       |     2 |     8 ||    10
    Use: Potion            |       |     1 |       ||     1
         Scroll            |       |       |     5 ||     5
   Stab: Held in net/web   |       |       |     1 ||     1
 Armour: Animal skin       |    19 |       |       ||    19
         Ring mail         |    16 |    42 |       ||    58
         Chain mail        |       |    45 |    87 ||   132
         Plate armour      |       |       |   113 ||   113
         Steam dragon scal |       |       |    40 ||    40
  Dodge: Dodged            |    68 |    53 |   161 ||   282

Levels and vault maps discovered:
D:1:      scummos_arrival_forest, layout_basic, serial_bayou_crossing
D:2:      layout_basic, minmay_misc_feat_iff, dk_vineyard_1,
          minmay_misc_feat_diagonals
D:3:      layout_loops_ring, hellmonk_ecumenical_altar_defaced_shrine
D:4:      layout_layer_cave, minmay_temple_entry_gardened_gates, serial_shops,
          shop, grunt_ministairs_7
D:5:      layout_loops_ring, grunt_ministairs_1
D:6:      layout_basic, general_overflow_altar, mainiacjoe_overflow_alcove_4,
          ebering_ghost_sewer_f
D:7:      layout_layer_cave, lemuel_doored_altar, uniq_duvessa
D:8:      layout_loops_ring, erik_lair_dragon, enter_bailey_2

Notes
Turn   | Place    | Note
-------+----------+-------------------------------------------
     0 | D:1      | scionoferis the Ghoul Berserker began the quest for the
                  | Orb.
     0 | D:1      | Reached XP level 1. HP: 19/19 MP: 0/0
    99 | D:1      | Reached skill level 3 in Maces & Flails
   104 | D:1      | Reached XP level 2. HP: 22/26 MP: 1/1
   679 | D:1      | Reached XP level 3. HP: 33/33 MP: 2/2
  1516 | D:2      | Reached ** piety under Trog
  2049 | D:3      | Reached XP level 4. HP: 40/40 MP: 3/3
  2082 | D:3      | Reached skill level 4 in Fighting
  2086 | D:3      | Reached skill level 4 in Maces & Flails
  2149 | D:3      | Reached XP level 5. HP: 47/47 MP: 4/4
  2358 | D:3      | Found a faded altar of an unknown god.
  2682 | D:4      | Found a staircase to the Ecumenical Temple.
  2760 | D:4      | Reached skill level 5 in Maces & Flails
  2794 | D:4      | Identified the +9 rapier "Diwiaf" {freeze, Drain rElec
                  | rPois Str+5}
  2800 | D:4      | Reached XP level 6. HP: 55/55 MP: 5/5
  3183 | D:4      | Noticed an ice beast
  3202 | D:4      | Killed an ice beast
  3203 | D:4      | Reached skill level 5 in Fighting
  3611 | D:4      | Found Zeshri's Weapon Shop.
  3938 | D:5      | Entered Level 5 of the Dungeon
  3938 | D:5      | Noticed an ice beast
  3951 | D:5      | Killed an ice beast
  3952 | D:5      | Reached skill level 6 in Maces & Flails
  3952 | D:5      | Reached XP level 7. HP: 54/61 MP: 6/6
  4024 | D:5      | Reached skill level 6 in Fighting
  4055 | D:5      | Reached skill level 7 in Maces & Flails
  4108 | D:5      | Reached XP level 8. HP: 69/71 MP: 7/7
  4228 | D:5      | Identified the -1 cloak "Oguap" {Drain Int+6 SInv}
  4687 | D:6      | Found a stormy altar of Qazlal.
  4773 | D:6      | Reached *** piety under Trog
  4853 | D:6      | Found a hide-covered altar of Uskayaw.
  4894 | D:6      | Reached skill level 7 in Fighting
  4894 | D:6      | Reached skill level 8 in Maces & Flails
  5079 | D:6      | Reached XP level 9. HP: 63/80 MP: 8/8
  5172 | D:6      | Found a runed translucent door.
  5227 | D:6      | Found a runed translucent door.
  5350 | D:6      | Reached skill level 9 in Maces & Flails
  5592 | D:6      | Noticed spedboy43's ghost (novice DESu)
  5665 | D:6      | Reached skill level 8 in Fighting
  5776 | D:7      | Identified the +6 battleaxe "Uzuocias" {holy, Will+ Str-5
                  | Int+5 Dex+3}
  5934 | D:7      | Noticed Dowan
  5934 | D:7      | Noticed Duvessa
  5958 | D:7      | Killed Dowan
  6026 | D:7      | Killed Duvessa
  6237 | D:7      | Reached skill level 10 in Maces & Flails
  6546 | D:8      | Reached skill level 9 in Fighting
  6806 | D:8      | HP: 4/83 [orc warrior/+0 dire flail (28)]
  6808 | D:8      | Mangled by an orc warrior

Vanquished Creatures
  A steam dragon (D:7)
  2 water moccasins (D:6 D:8)
  Duvessa (D:7)
  2 orc warriors (D:6 D:8)
  3 ice beasts (D:4 D:5 D:7)
  2 black bears (D:5 D:6)
  A sky beast (D:7)
  3 centaurs (D:6 D:7 D:8)
  5 phantoms (D:5 D:6)
  2 kobold brigands (D:6 D:8)
  4 bullfrogs (D:6 D:7)
  2 scorpions (D:4 D:6)
  Dowan (D:7)
  4 killer bees (D:7)
  A howler monkey (D:5)
  A sleepcap (D:4)
  3 hounds (D:6 D:7)
  3 jellies (D:4 D:5 D:7)
  3 iguanas (D:4 D:6 D:7)
  6 orc wizards (D:3 D:6 D:7 D:8)
  3 gnolls (D:4)
  4 adders (D:4 D:5 D:6)
  A river rat (D:6)
  An ufetubus (D:6)
  2 worms (D:6)
  A dart slug (D:1)
  24 orcs (D:3 D:5 D:6 D:7 D:8)
  13 ball pythons (D:1 D:2 D:3 D:4)
  3 bats (D:1 D:2 D:3)
  7 endoplasms (D:1 D:2 D:3 D:4)
  2 giant cockroaches (D:4 D:6)
  5 goblins (D:1)
  5 hobgoblins (D:1 D:4)
  6 quokkas (D:1 D:3 D:4 D:5)
  5 frilled lizards (D:1 D:3)
  10 kobolds (D:1 D:2 D:3 D:4 D:6)
  3 rats (D:1)
145 creatures vanquished.

Vanquished Creatures (collateral kills)
  An orc (D:8)
1 creature vanquished.

Grand Total: 146 creatures vanquished

Table legend: (Time is in decaauts)
 A = Elapsed time spent in this place.
 B = Non-inter-level travel time spent in this place.
 C = Inter-level travel time spent in this place.
 D = Time resting spent in this place.
 E = Time spent auto-exploring this place.
 F = Levels seen in this place.
 G = Mean time per level.
                   A        B        C        D        E       F      G
               +--------+--------+--------+--------+--------+-----+--------+
         Total |   6861 |   6716 |    145 |    157 |   4765 |   8 |  857.6 |
       Dungeon |   6861 |   6716 |    145 |    157 |   4765 |   8 |  857.6 |
               +--------+--------+--------+--------+--------+-----+--------+

Top non-repeatable levels by time:
     D:4: 1270 daAuts
     D:1: 1116 daAuts
     D:6: 1102 daAuts
     D:3: 880 daAuts
     D:5: 753 daAuts
     D:2: 731 daAuts
     D:7: 688 daAuts
     D:8: 319 daAuts

Table legend:
 A = Non-vault XP
 B = Vault XP
 C = Vault XP percentage of total XP
 D = Non-vault monster count
 E = Vault monster count
 F = Vault count percentage of total count
                 A         B        C        D         E       F
            +---------+---------+-------+---------+---------+-------
      Total |    4103 |     467 |  10.2 |     134 |      12 |   8.2
            +---------+---------+-------+---------+---------+-------
        D:1 |      42 |       0 |   0.0 |      25 |       0 |   0.0
        D:2 |      14 |       0 |   0.0 |       8 |       0 |   0.0
        D:3 |     116 |       6 |   4.9 |      23 |       2 |   8.0
        D:4 |     391 |      35 |   8.2 |      19 |       1 |   5.0
        D:5 |     803 |       2 |   0.2 |      11 |       1 |   8.3
        D:6 |    1064 |     203 |  16.0 |      20 |       6 |  23.1
        D:7 |    1137 |     221 |  16.3 |      17 |       2 |  10.5
        D:8 |     536 |       0 |   0.0 |      11 |       0 |   0.0
            +---------+---------+-------+---------+---------+-------
